 Dungeon Crawl Stone Soup version 0.25-b1-29-g4cfa5c7bda (webtiles) character file.

Game seed: 4397644852966266752, levelgen mode: deterministic

12700 Delamore the Basher (level 11, 0/66 HPs)
             Began as a Gargoyle Fighter on June 3, 2020.
             Was a High Priest of Okawaru.
             Slain by a komodo dragon (13 damage)
             ... on level 1 of the Lair of Beasts.
             The game lasted 00:29:56 (14907 turns).

Delamore the Basher (Gargoyle Fighter)             Turns: 14907, Time: 00:29:56

Health: 0/66       AC: 20    Str: 22    XL:     11   Next: 97%
Magic:  11/11      EV:  7    Int: 10    God:    Okawaru [*****.]
Gold:   653        SH: 11    Dex:  9    Spells: 10/10 levels left

rFire    . . .     SeeInvis .   K - +0 morningstar
rCold    . . .     Gourm    .   c - +0 kite shield
rNeg     + . .     Faith    .   I - +0 chain mail
rPois    ∞         Spirit   .   j - +0 helmet
rElec    +         Reflect  .   (no cloak)
rCorr    .         Harm     .   (no gloves)
MR       +....                  (no boots)
Stlth    ..........             (no amulet)
HPRegen  0.21/turn              N - ring of protection from magic
MPRegen  0.12/turn              (no ring)

@: no status effects
A: negative energy resistance 1, electricity resistance, unbreathing,
petrification resistance, rot immunity, AC +8
a: Heroism, Finesse, Renounce Religion


You were on level 1 of the Lair of Beasts.
You worshipped Okawaru.
Okawaru was extremely pleased with you.
You were not hungry.

You visited 2 branches of the dungeon, and saw 12 of its levels.

You collected 653 gold pieces.

Inventory:

Hand Weapons
 a - a +0 flail
 K - a +0 morningstar (weapon)
Missiles
 v - 40 poisoned darts (quivered)
 L - 2 curare-tipped darts
Armour
 c - a +0 kite shield (worn)
 j - a +0 helmet (worn)
 w - a +0 plate armour
 I - a +0 chain mail (worn)
Jewellery
 o - an uncursed ring of fire
 q - an uncursed ring of fire
 E - the amulet of Psychosis {Inacc rElec rF+ Stlth+}
   (You found it on level 6 of the Dungeon)

   [amulet of inaccuracy]

   It reduces the accuracy of all your attacks.
   It protects you from fire.
   It insulates you from electricity.
   It makes you more stealthy.
 N - a ring of protection from magic (left hand)
 R - a +6 ring of dexterity {unknown}
Wands
 b - a wand of enslavement (3)
 s - a wand of disintegration (19)
 P - a wand of iceblast (2)
 Q - a wand of acid (8)
Scrolls
 i - 7 scrolls of remove curse
 k - 10 scrolls of teleportation
 n - 5 scrolls of amnesia
 r - 5 scrolls of magic mapping
 u - 3 scrolls of enchant weapon {unknown}
 x - 3 scrolls of enchant armour {unknown}
 y - 3 scrolls of blinking {unknown}
 A - a scroll of noise {unknown}
 C - a scroll of random uselessness {unknown}
 D - 2 scrolls of immolation
 F - a scroll of identify
 G - 2 scrolls of fog {unknown}
Potions
 d - 2 potions of might
 e - 2 potions of resistance
 g - a potion of invisibility
 h - 2 potions of curing {unknown}
 l - 3 potions of haste {unknown}
 m - a potion of cancellation
 t - 2 potions of degeneration
 z - 2 potions of heal wounds
 B - 2 potions of mutation {unknown}
 H - a potion of stabbing
 J - 3 potions of berserk rage
 M - a potion of magic {unknown}
 O - 2 potions of brilliance {unknown}
 S - a potion of flight {unknown}
Comestibles
 f - 16 rations
 p - 2 chunks of flesh


   Skills:
 + Level 6.4 Fighting
 * Level 14.5 Maces & Flails
 - Level 7.7 Armour
 - Level 0.4 Dodging
 + Level 9.3 Shields


You had 10 spell levels left.
You didn't know any spells.
Your spell library contained the following spells:

 Spells                   Type           Power        Failure   Level  Hunger
 Beastly Appendage        Tmut           #.....       99%         1    ##.....
 Corona                   Hex            #......      99%         1    ##.....
 Summon Small Mammal      Summ           #...         99%         1    ##.....
 Ensorcelled Hibernation  Hex/Ice        #.....       100%        2    ###....
 Sticks to Snakes         Tmut           #.......     100%        2    ###....
 Confusing Touch          Hex            #.......     100%        3    ####...
 Dazzling Flash           Conj/Hex       #.....       100%        3    ####...
 Spider Form              Tmut/Pois      #.........   100%        3    ####...
 Tukima's Dance           Hex            #.......     100%        3    ####...
 Ice Form                 Ice/Tmut       #.......     100%        4    #####..
 Blade Hands              Tmut           #.........   100%        5    ######.


Dungeon Overview and Level Annotations

Branches:
Dungeon (11/15)            Temple (0/1) D:6            Lair (1/6) D:9
    Orc: D:9-12

Altars:
Ashenzari
Dithmenos
Fedhas
Gozag
Kikubaaqudgha
Makhleb
Nemelex Xobeh
Okawaru
Ru
Sif Muna
Trog
Uskayaw
Vehumet
Xom
Zin

Shops:
D:4 *   D:6 :   D:10 (

Annotations:
Lair:1 1 runed translucent door


Innate Abilities, Weirdness & Mutations

You are resistant to torment.
Your stone body is resilient. (AC +8)
You are immune to poison.
You resist negative energy. (rN+)
You are resistant to electric shocks. (rElec)
You can survive without breathing.
You are immune to petrification.
You are immune to rotting.


Message History

You are too injured to fight recklessly!
You are too injured to fight recklessly!
You are too injured to fight recklessly!
You are too injured to fight recklessly!
You are too injured to fight recklessly!
You are too injured to fight recklessly!
You are too injured to fight recklessly!
You are too injured to fight recklessly!
You are too injured to fight recklessly!
You are too injured to fight recklessly!
You hit the komodo dragon.
The komodo dragon is severely wounded.
You closely miss the komodo dragon.
The komodo dragon is severely wounded.
The komodo dragon bites you!
* * * LOW HITPOINT WARNING * * *
Your shield and chain mail prevent you from hitting the komodo dragon.
The komodo dragon is severely wounded.
The komodo dragon bites you!
You die...

##...#..# #......##
##+##..P# #.≈ #..##
#. #..# # #.## # #.#
.##.. #.# #####......
##.## ####..@ll.....
#...####.....####....
#........#..## .
#......##......#
......####........#
....#P# #..........
###.### #.#........#.
#. #####......#
#.####..


You could see a komodo dragon and a basilisk.

Vanquished Creatures
  Harold (D:7)
  2 two-headed ogres
  Sonja (D:10)
  The ghost of dengdeng the Shield-Bearer, a novice HOFi (D:7)
  An ugly thing (D:9)
  An oklob plant (Lair:1)
  A manticore (D:11)
  A centaur zombie (D:10)
  A troll (D:11)
  A queen bee (D:9)
  2 hornets
  Grinder (D:5)
  A hippogriff (D:7)
  10 yaks
  3 vampires
  Grum (D:10)
  2 wargs (D:9)
  3 hungry ghosts
  Menkaure (D:5)
  2 water moccasins
  3 orc warriors
  A black bear (D:7)
  A phantom (D:10)
  A sky beast (D:6)
  2 wolves (D:10)
  A necrophage (D:10)
  3 ogres
  A crocodile (Lair:1)
  A big kobold (D:7)
  A bullfrog (D:7)
  2 gnoll sergeants (D:8)
  5 scorpions
  18 killer bees
  A bullfrog zombie (D:8)
  2 crimson imps
  3 hounds
  3 centaur skeletons
  A gnoll shaman (D:8)
  An orc priest (D:9)
  2 iguanas
  3 jellies
  2 bullfrog skeletons
  6 worker ants
  10 orc wizards
  A hound zombie (D:9)
  A hound skeleton (D:11)
  2 worker ant zombies
  12 gnolls
  10 adders
  2 shadow imps
  An ooze (D:4)
  A worm (D:4)
  An adder skeleton (D:7)
  2 dart slugs (D:3)
  5 leopard geckos
  24 orcs
  15 bats
  5 giant cockroaches
  9 goblins
  9 hobgoblins
  6 jackals
  15 kobolds
  9 quokkas
  A ball python (D:3)
  4 frilled lizards
  A leopard gecko skeleton (D:4)
  7 rats
254 creatures vanquished.

Vanquished Creatures (collateral kills)
  A killer bee (D:7)
1 creature vanquished.

Vanquished Creatures (others)
  5 dream sheep (D:5)
  A killer bee (D:7)
  A gnoll (D:9)
  2 jackals (D:6)
9 creatures vanquished.

Grand Total: 264 creatures vanquished

Notes
Turn   | Place    | Note
-------+----------+-------------------------------------------
     0 | D:1      | Delamore the Gargoyle Fighter began the quest for the Orb.
     0 | D:1      | Reached XP level 1. HP: 14/14 MP: 1/1
    87 | D:1      | Reached XP level 2. HP: 19/19 MP: 2/2
   409 | D:1      | Reached XP level 3. HP: 23/23 MP: 3/3
   821 | D:2      | Found a sacrificial altar of Ru.
   911 | D:2      | Reached XP level 4. HP: 27/28 MP: 4/4
  1089 | D:2      | Found a shadowy altar of Dithmenos.
  1394 | D:3      | Reached skill level 3 in Maces & Flails
  1875 | D:3      | Reached XP level 5. HP: 30/33 MP: 5/5
  2002 | D:4      | Reached skill level 4 in Maces & Flails
  2315 | D:4      | Noticed an ogre
  2320 | D:4      | HP: 1/33 [ogre/+0 giant club (18)]
  2321 | D:4      | Killed an ogre
  2321 | D:4      | Reached skill level 5 in Maces & Flails
  2321 | D:4      | Reached XP level 6. HP: 1/38 MP: 6/6
  2865 | D:4      | Found Zin's Purification Station.
  2869 | D:4      | Found a glowing silver altar of Zin.
  3148 | D:4      | Reached skill level 6 in Maces & Flails
  3403 | D:5      | Entered Level 5 of the Dungeon
  3420 | D:5      | Noticed Menkaure
  3423 | D:5      | Killed Menkaure
  3423 | D:5      | Reached skill level 7 in Maces & Flails
  3423 | D:5      | Reached XP level 7. HP: 25/42 MP: 7/7
  3598 | D:5      | Noticed Grinder
  3631 | D:5      | Paralysed by Grinder for 4 turns
  3641 | D:5      | Paralysed by Grinder for 4 turns
  3650 | D:5      | Killed Grinder
  3886 | D:5      | Noticed a dream sheep
  3886 | D:5      | Noticed a dream sheep
  3886 | D:5      | Noticed a dream sheep
  3886 | D:5      | Noticed a dream sheep
  3886 | D:5      | Noticed a dream sheep
  3886 | D:5      | Found a shimmering altar of Xom.
  3887 | D:5      | Killed a dream sheep
  3887 | D:5      | Killed a dream sheep
  3887 | D:5      | Killed a dream sheep
  3887 | D:5      | Killed a dream sheep
  3887 | D:5      | Reached skill level 8 in Maces & Flails
  3887 | D:5      | Reached XP level 8. HP: 48/48 MP: 8/8
  3887 | D:5      | Killed a dream sheep
  4076 | D:5      | Found a bloodstained altar of Trog.
  4077 | D:5      | Found an iron altar of Okawaru.
  4172 | D:5      | Became a worshipper of Warmaster Okawaru
  4418 | D:5      | Found a blossoming altar of Fedhas.
  4418 | D:5      | Found a burning altar of Makhleb.
  4513 | D:5      | Found an opulent altar of Gozag.
  4706 | D:6      | Reached skill level 9 in Maces & Flails
  4927 | D:6      | Found Linist's Book Shoppe.
  4953 | D:6      | Got a bound bone amulet
  5151 | D:6      | Identified the amulet of Psychosis {Inacc rElec rF+ Stlth+}
                  | (You found it on level 6 of the Dungeon)
  5301 | D:6      | Found a staircase to the Ecumenical Temple.
  5386 | D:6      | Found a radiant altar of Vehumet.
  5425 | D:6      | Reached * piety under Okawaru
  5585 | D:6      | Found an ancient bone altar of Kikubaaqudgha.
  5597 | D:6      | Found a shimmering blue altar of Sif Muna.
  5670 | D:6      | Reached skill level 10 in Maces & Flails
  5676 | D:6      | Identified Sif Muna's Reference Book on Companions
  6066 | D:7      | Noticed a hippogriff
  6077 | D:7      | Killed a hippogriff
  6077 | D:7      | Reached XP level 9. HP: 49/52 MP: 9/9
  6468 | D:7      | Noticed dengdeng's ghost (novice HOFi)
  6471 | D:7      | Found a runed translucent door.
  6752 | D:7      | Reached ** piety under Okawaru
  6783 | D:6      | Reached skill level 11 in Maces & Flails
  7362 | D:7      | Killed dengdeng's ghost
  7362 | D:7      | Reached skill level 5 in Shields
  7552 | D:8      | Noticed Harold
  7640 | D:7      | Killed Harold
  7640 | D:7      | Reached *** piety under Okawaru
  7640 | D:7      | Reached skill level 12 in Maces & Flails
  7640 | D:7      | Reached skill level 5 in Armour
  7640 | D:7      | Reached XP level 10. HP: 13/58 MP: 10/10
  8048 | D:8      | Found a hide-covered altar of Uskayaw.
  9207 | D:9      | Found a sparkling altar of Nemelex Xobeh.
  9458 | D:9      | Paralysed by fainting for 9 turns
  9557 | D:9      | Reached **** piety under Okawaru
  9706 | D:9      | Noticed a two-headed ogre
  9724 | D:9      | Killed a two-headed ogre
  9916 | D:9      | Found a staircase to the Lair.
  9974 | D:9      | Found a shattered altar of Ashenzari.
 10080 | D:9      | Noticed a purple ugly thing
 10089 | D:9      | Killed a purple ugly thing
 10089 | D:9      | Reached skill level 13 in Maces & Flails
 10301 | D:10     | Entered Level 10 of the Dungeon
 10776 | D:10     | Reached XP level 11. HP: 37/62 MP: 11/11
 11756 | D:10     | Found Wiss's Weapon Shop.
 11791 | D:10     | Noticed Sonja
 11918 | D:10     | Reached ***** piety under Okawaru
 12104 | D:10     | Noticed Grum
 12162 | D:10     | Killed Grum
 12467 | D:10     | Noticed a two-headed ogre
 12475 | D:10     | Killed a two-headed ogre
 12475 | D:10     | Received a gift from Okawaru
 12475 | D:10     | Reached skill level 5 in Fighting
 13061 | D:11     | Noticed a two-headed ogre
 13622 | D:11     | Reached skill level 14 in Maces & Flails
 13957 | D:11     | Noticed a manticore
 13965 | D:11     | Killed a manticore
 14521 | D:10     | Killed Sonja
 14610 | Lair:1   | Entered Level 1 of the Lair of Beasts
 14610 | Lair:1   | Noticed an oklob plant
 14617 | Lair:1   | Killed an oklob plant
 14871 | Lair:1   | Found a runed translucent door.
 14907 | Lair:1   | Slain by a komodo dragon

Illustrated notes

Levels and vault maps discovered:
D:1:      dpeg_arrival_connections, layout_loops_ring
D:2:      layout_basic, marbit_many_paths, lemuel_crystal_altar
D:3:      layout_loops_ring, serial_bayou_pond_b
D:4:      layout_loops_corners, zin_purify, first_ration, minmay_misc_feat_rows
D:5:      layout_loops_ring, grunt_temple_overflow_bloody_war,
          gammafunk_temple_overflow_elements, kb_xom_exploding_sheep,
          basic_altar, uniq_grinder, uniq_menkaure
D:6:      layout_rooms, palyth_temple_overflow_mages, lemuel_temple_firewalk_b,
          serial_shops, nicolae_shop_statue_plus
D:7:      layout_loops_corners, hellmonk_ghost_happy_afterlife
D:8:      layout_gridville, kennysheep_mini_moat, uniq_harold
D:9:      layout_irregular_city, ashenzari_conservatory_becter,
          nemelex_xobeh_ov_fountains_minmay, erik_lair_orcish_takeover
D:10:     layout_loops_ring, serial_shops, shop, david_nohive_1, uniq_sonja,
          uniq_grum
D:11:     layout_basic, orc_david_3, minmay_fire_ice_demons
Lair:1:   layout_cave_pods, ebering_ghost_reflecting_pool, minivault_11,
          dpeg_stationary_puzzle, lemuel_fruit_fields

Skill      XL: |  1  2  3  4  5  6  7  8  9 10 11 |
---------------+----------------------------------+-----
Armour         | 4 5 7 |  7.7
Maces & Flails | 3 5 7 8 10 12 13 14 | 14.5
Fighting       | 4 6 |  6.4
Shields        | 5 7 9 |  9.3
Dodging        | |  0.4

Action                   |  1- 3 |  4- 6 |  7- 9 | 10-12 || total
-------------------------+-------+-------+-------+-------++-------
Melee: Flail             |   164 |   166 |   442 |    47 ||   819
       Morningstar       |       |       |       |   803 ||   803
Throw: Dart              |       |     1 |    14 |     4 ||    19
Invok: Heroism           |       |       |       |     3 ||     3
Evoke: Wand              |       |     4 |    11 |    15 ||    30
  Use: Scroll            |       |     4 |     5 |     2 ||    11
       Potion            |       |       |     1 |     1 ||     2
  Eat: Chunk             |       |     9 |    12 |    25 ||    46
       Ration            |       |       |       |     4 ||     4
Armor: Scale mail        |    99 |    59 |       |       ||   158
       Plate armour      |       |    33 |   305 |     3 ||   341
       Chain mail        |       |       |       |   445 ||   445
Dodge: Dodged            |    62 |    45 |    53 |   211 ||   371
Block: Kite shield       |   108 |    87 |   188 |   476 ||   859
